 Dungeon Crawl Stone Soup version 0.25-a0-834-g55863b0b92 (webtiles) character file.

Game seed: 9636885567090906180, levelgen mode: deterministic

228 sanka the Chiller (level 6, -1/41 HPs)
             Began as a Barachi Ice Elementalist on Apr 22, 2020.
             Slain by an orc (3 damage)
             ... on level 3 of the Dungeon.
             The game lasted 00:05:57 (2624 turns).

sanka the Chiller (Barachi Ice Elementalist)        Turns: 2624, Time: 00:05:57

Health: -1/41      AC:  6    Str:  9    XL:     6   Next: 2%
Magic:  6/12       EV: 12    Int: 17    God:
Gold:   92         SH:  0    Dex: 13    Spells: 2/13 levels left

rFire    . . .     SeeInvis .   a - +0 morningstar (holy)
rCold    . . .     Gourm    .   (no shield)
rNeg     . . .     Faith    .   p - +0 robe
rPois    .         Spirit   .   o - +0 helmet
rElec    .         Reflect  .   (no cloak)
rCorr    .         Harm     .   m - +2 pair of gloves
MR       .....                  (no boots)
Stlth    ++........             (no amulet)
HPRegen  0.13/turn              (no ring)
MPRegen  0.13/turn              (no ring)

@: can't hop, slow
A: +LOS, swims, slowness 1, strong legs 1
a: Hop


You were on level 3 of the Dungeon.
You were not hungry.

You visited 1 branch of the dungeon, and saw 3 of its levels.

You collected 92 gold pieces.


Innate Abilities, Weirdness & Mutations

You can be seen from farther away. (+LOS)
You can swim through water.
You cover ground slowly.
You can hop short distances.


   Skills:
 - Level 2.1 Dodging
 - Level 1.7 Stealth
 - Level 4.0 Spellcasting
 * Level 3.0 Summonings
 + Level 6.6 Ice Magic


You had 2 spell levels left.
You knew the following spells:

 Your Spells              Type           Power        Failure   Level  Hunger
a - Ozocubu's Armour      Chrm/Ice       ##......     12%         3    ###....
x - Summon Ice Beast      Ice/Summ       ###.....     22%         4    ####...
y - Frozen Ramparts       Ice            ####..       3%          3    ###....
z - Freeze                Ice            ####         1%          1    None

Your spell library contained the following spells:

 Spells                   Type           Power        Failure   Level  Hunger
 Hailstorm                Conj/Ice       ##......     38%         4    ####...

Inventory:

Hand Weapons
 a - a +0 morningstar of holy wrath (weapon)
 b - a +1 dagger of venom
Missiles
 f - 26 poisoned darts
 g - 18 stones (quivered)
Armour
 m - a +2 pair of gloves (worn)
 o - a +0 helmet (worn)
 p - a +0 robe (worn)
Scrolls
 i - 4 scrolls of identify {unknown}
 k - a scroll of immolation {unknown}
 l - a scroll of enchant weapon {unknown}
 q - 2 scrolls of remove curse {unknown}
Potions
 d - a potion of mutation {unknown}
 h - 2 potions of haste {@q3}
 j - a potion of resistance {unknown}
Comestibles
 c - 7 rations
 n - 3 chunks of flesh

Dungeon Overview and Level Annotations

Branches:
Dungeon (3/15)

Altars:

...o.......+........▒
▒▒.o▒o.....▒▒..).▒▒.▒
....o.▒▒▒▒.....÷.▒▒.▒
......)..▒o.....▒▒▒.▒
.. ▒.).o....▒▒▒.▒▒
▒▒▒........▒..▒▒▒▒
▒▒▒▒▒▒'▒.......▒
▒..o...▒....▒▒ ▒▒▒
▒>Fo...▒▒▒.^.▒▒▒▒..
▒..............)...
▒..÷....▒▒▒▒▒▒▒▒▒▒▒
▒.......▒ ▒ ▒▒▒▒....▒
▒▒▒ ▒....▒ ▒.. ▒....▒
▒.. ▒....▒ ▒▒▒..
▒▒▒▒▒▒ ▒.(..


You could see 2 orcs.


Message History

The orc hits you but does no damage.
The wall freezes the orc.
Aiming: Freeze (safe; 1% risk of failure)
Aim: an orc, wielding a +0 dagger and wearing a +2 leather armour of cold resistance (heavily wounded)
The orc resists.
You freeze the orc.
You kill the orc!
Your Summonings skill increases to level 3!
The orc priest shouts!
The wall freezes the orc.
Aiming: Freeze (safe; 1% risk of failure)
Aim: an orc, wielding a -2 flail (heavily wounded)
You freeze the orc.
You kill the orc!
The orc priest calls down the wrath of Beogh upon you.
Pain shoots through your body!
* * * LOW HITPOINT WARNING * * *
Unknown command.
Unknown command.
Unknown command.
Use which ability? (? or * to list) Hop to where?
Boing!
The wall freezes the orc.
The orc hits you but does no damage.
The wall freezes the orc priest.
The frozen ramparts melt away.
The orc closely misses you. The orc hits you.
You die...

Action                   |  1- 3 |  4- 6 || total
-------------------------+-------+-------++-------
Melee: Whip              |    26 |    34 ||    60
       Morningstar       |       |     8 ||     8
 Cast: Freeze            |    21 |    51 ||    72
       Frozen Ramparts   |     1 |     5 ||     6
       Ozocubu's Armour  |       |     3 ||     3
 Abil: Hop               |       |     1 ||     1
 Stab: Sleeping          |     1 |     1 ||     2
  Eat: Chunk             |       |     7 ||     7
Armor: Robe              |    10 |    24 ||    34
Dodge: Dodged            |    20 |    41 ||    61

Levels and vault maps discovered:
D:1:      eino_arrival_druids_welcome, layout_basic
D:2:      layout_loops_ring, serial_glass, glass_columns_c, glass_columns_a,
          glass_columns_b, glass_columns_a, glass_columns_a, glass_columns_a,
          glass_columns_a, glass_columns_c, glass_columns_a, glass_columns_b,
          hangedman_decor_diamond_cutter, uniq_natasha
D:3:      minmay_bubble_buster, layout_basic, uniq_terence, uniq_robin

Notes
Turn   | Place    | Note
-------+----------+-------------------------------------------
     0 | D:1      | sanka the Barachi Ice Elementalist began the quest for the
                  | Orb.
     0 | D:1      | Reached XP level 1. HP: 13/13 MP: 3/3
   232 | D:1      | Reached XP level 2. HP: 19/19 MP: 3/5
   298 | D:1      | Reached skill level 3 in Spellcasting
   678 | D:1      | Reached XP level 3. HP: 19/24 MP: 6/8
   685 | D:1      | Learned a level 3 spell: Frozen Ramparts
   689 | D:1      | Learned a level 3 spell: Ozocubu's Armour
   842 | D:1      | Reached skill level 5 in Ice Magic
   928 | D:2      | Noticed Natasha
   935 | D:2      | Killed Natasha
   935 | D:2      | Reached XP level 4. HP: 19/30 MP: 4/9
   994 | D:2      | Noticed Natasha
  1190 | D:2      | Killed Natasha
  1190 | D:2      | Reached skill level 4 in Spellcasting
  1196 | D:2      | Learned a level 4 spell: Summon Ice Beast
  1425 | D:2      | Noticed Natasha
  1461 | D:2      | Killed Natasha
  1461 | D:2      | Reached skill level 1 in Summonings
  1461 | D:2      | Reached skill level 6 in Ice Magic
  1461 | D:2      | Reached XP level 5. HP: 19/35 MP: 3/11
  2162 | D:3      | Noticed Terence
  2173 | D:3      | Killed Terence
  2173 | D:3      | Reached skill level 2 in Summonings
  2254 | D:3      | Noticed Robin
  2275 | D:3      | Killed Robin
  2613 | D:3      | Reached XP level 6. HP: 11/41 MP: 8/12
  2615 | D:3      | Reached skill level 3 in Summonings
  2616 | D:3      | HP: 1/41 [orc priest/nerve-wracking pain (10)]
  2624 | D:3      | Slain by an orc

Vanquished Creatures
  Terence (D:3)
  Natasha (thrice) (D:2)
  Robin (D:3)
  An adder (D:2)
  4 oozes
  5 dart slugs
  3 leopard geckos
  4 orcs (D:3)
  A ball python (D:1)
  2 giant cockroaches
  18 goblins
  6 hobgoblins
  3 quokkas
  3 bats
  3 frilled lizards
  10 kobolds
  6 rats
74 creatures vanquished.
